 Dungeon Crawl Stone Soup version 0.31-a0-1301-g7e11add784 (webtiles) character file.

Game seed: 8516131801440347046

27 Bnni the Digger (level 3, -4/26 HPs)
             Began as a Formicid Earth Elementalist on Dec 19, 2023.
             Slain by a gnoll
             ... wielding a +0 club
              (7 damage)
             ... on level 1 of the Dungeon.
             The game lasted 00:01:21 (1085 turns).

Bnni the Digger (Formicid Earth Elementalist)       Turns: 1085, Time: 00:01:22

Health: -4/26      AC:  7    Str: 12    XL:     3   Next: 25%
Magic:  0/6        EV: 12    Int: 22    God:
Gold:   70         SH:  0    Dex: 14    Spells: 5/6 levels left

rFire   . . .        (no weapon)
rCold   . . .        (no shield)
rNeg    . . .        a - +0 robe
rPois   .            (helmet unavailable)
rElec   .            k - +0 cloak
rCorr   .            (no gloves)
SInv    +            (no boots)
Will    .....        (no amulet)
Stlth   ++           d - +4 ring of protection
HPRegen 0.24/turn    f - +6 ring of intelligence
MPRegen 0.10/turn

%: no passive effects
@: no status effects
A: permanent stasis, dig shafts and tunnels, antennae 3, four strong arms
a: Dig, Shaft Self


You were on level 1 of the Dungeon.
You visited 1 branch of the dungeon, and saw 2 of its levels.

You collected 70 gold pieces.

Inventory:

Armour
 a - a +0 robe (worn)
 k - a +0 cloak (worn)
Magical Staves
 e - a staff of cold
Jewellery
 d - a +4 ring of protection (left hand)
 f - a +6 ring of intelligence (right hand)
Scrolls
 c - 3 scrolls of revelation {unknown}
 i - a scroll of identify {unknown}
 j - a scroll of blinking {unknown}
Potions
 b - a potion of magic
 g - a potion of cancellation {unknown}
 h - 2 potions of heal wounds {unknown}


   Skills:
 + Level 1.0 Fighting
 - Level 1.7 Dodging
 - Level 2.4 Stealth
 + Level 2.4 Spellcasting
 - Level 2.0 Transmutations
 * Level 4.2 Earth Magic


You had 5 spell levels left.
You knew the following spells:

 Your Spells              Type           Power      Damage    Failure   Level
a - Sandblast             Erth           42%        2d11      2%          1

Your spell library contained the following spells:

 Spells                   Type           Power      Damage    Failure   Level
 Passwall                 Tmut/Erth      13%        N/A       5%          2
 Stone Arrow              Conj/Erth      24%        3d8       17%         3
 Petrify                  Tmut/Erth      16%        N/A       36%         4
 Brom's Barrelling Bould  Conj/Erth      12%        2d4       50%         4


Dungeon Overview and Level Annotations

Branches:
Dungeon (2/15)

Altars:

Annotations:
D:1 2 transporters


Innate Abilities, Weirdness & Mutations

You cannot be hasted, slowed, berserked, paralysed or teleported.
You can dig through walls and to a lower floor.
You have a pair of large antennae on your head. (SInv)
Your four strong arms can wield two-handed weapons with a shield.


Message History

Press: ? - help, Q - select action, (/) - cycle Shift-Dir - straight line, f - adder
Aim: an adder (70% to hit)
The blast of sand hits the adder.
The adder is moderately wounded.
The adder bites you but does no damage. The gnoll closely misses you.
The gnoll hits you with a +0 flail!
Ouch! That really hurt!
* * * LOW HITPOINT WARNING * * *
The adder bites you.
* * * LOW HITPOINT WARNING * * *
Unknown command.
Aiming: Sandblast (safe; 3% risk of failure)
Press: ? - help, Q - select action, (/) - cycle Shift-Dir - straight line, f/p - adder
Aim: an adder (moderately wounded, 70% to hit)
The blast of sand misses the adder.
The adder barely misses you. The gnoll barely misses you. x2
The adder bites you but does no damage. The gnoll barely misses you. x2
Unknown command.
Aiming: Sandblast (safe; 3% risk of failure)
Press: ? - help, Q - select action, (/) - cycle Shift-Dir - straight line, f/p - adder
Aim: an adder (moderately wounded, 70% to hit)
The blast of sand hits the adder!
You kill the adder!
The gnoll closely misses you. The gnoll barely misses you.
Training target 2.0 for Transmutations reached!
Your Fighting skill increases to level 1!
Your Transmutations skill increases to level 2!
You have reached level 3!
Your experience leads to an increase in your attributes!
Your base attributes are Str 12, Int 14, Dex 14.
Increase (S)trength, (I)ntelligence, or (D)exterity?
You feel clever. x2
Okay, then.
Aiming: Sandblast (safe; 2% risk of failure)
Press: ? - help, Q - select action, (/) - cycle Shift-Dir - straight line, f - gnoll
Aim: a gnoll, wielding a +0 flail (85% to hit)
The blast of sand hits the gnoll!
The gnoll is severely wounded.
The gnoll hits you with a +0 club!
You die...

.....###......##.≈≈≈≈~.~≈≈≈≈≈~≈≈#
.....##..#######.≈≈.~.©.~≈≈≈≈≈≈≈≈
#......### #.~.≈..>8~≈≈≈≈≈≈≈≈
#......# #..≈≈~.©.~≈≈~~~≈≈≈
###..### #.~≈≈~~.~≈≈~~.~≈≈≈
###..# #### #.~≈≈≈~~≈≈≈~.©.~≈≈
#..### #..#####.~≈≈≈≈≈≈≈≈~8<..≈.
#..### ##......#g#~≈≈≈≈≈≈≈~.©.~.≈
.....###.#.....g@..~≈~≈≈≈≈≈~.~≈≈≈
...).##..#####.###....≈≈~≈≈≈~≈≈≈≈
#......### #.# ####....≈≈≈≈≈≈≈≈
#......# #.# ####.........
###..#########.# ##########
###..# #......# #..### ########
#..## ### #.#.# #.#


You could see 2 gnolls.

Vanquished Creatures
  An adder (D:1)
  4 endoplasms (D:1)
  2 goblins (D:1)
  3 hobgoblins (D:1)
  3 kobolds
  2 ball pythons (D:1)
  2 rats (D:1)
17 creatures vanquished.

Notes
Turn   | Place    | Note
-------+----------+-------------------------------------------
     0 | D:1      | Bnni the Formicid Earth Elementalist began the quest for
                  | the Orb.
     0 | D:1      | Reached XP level 1. HP: 13/13 MP: 3/3
   418 | D:1      | Reached XP level 2. HP: 20/20 MP: 3/5
   738 | D:1      | Reached skill level 4 in Earth Magic
  1082 | D:1      | HP: 1/20 [adder (2)]
  1085 | D:1      | Reached skill level 1 in Fighting
  1085 | D:1      | Reached XP level 3. HP: 2/26 MP: 1/6
  1085 | D:1      | Slain by a gnoll

Illustrated notes

Levels and vault maps discovered:
D:1:      spicycebolla_arrival_transporter_tutorial, layout_basic,
          nicolae_houndstooth_variations
D:2:      layout_basic, basic_altar, uniq_jessica

Skill      XL: |  1  2 |
---------------+-------+-----
Earth Magic    | 4 |  4.2
Fighting       | 1 |  1.0
Transmutations | 2 |  2.0
Dodging        | |  1.7
Stealth        | |  2.4
Spellcasting   | |  2.4

Action                     || total
---------------------------++-------
   Cast: Sandblast         ||    25
 Armour: Robe              ||    12
  Dodge: Dodged            ||    15

Table legend: (Time is in decaauts)
 A = Elapsed time spent in this place.
 B = Non-inter-level travel time spent in this place.
 C = Inter-level travel time spent in this place.
 D = Time resting spent in this place.
 E = Time spent auto-exploring this place.
 F = Levels seen in this place.
 G = Mean time per level.
                   A        B        C        D        E       F      G
               +--------+--------+--------+--------+--------+-----+--------+
         Total |   1096 |   1024 |     72 |      0 |    897 |   2 |  548.0 |
       Dungeon |   1096 |   1024 |     72 |      0 |    897 |   2 |  548.0 |
               +--------+--------+--------+--------+--------+-----+--------+

Top non-repeatable levels by time:
     D:1: 1088 daAuts
     D:2: 7 daAuts
